 Dungeon Crawl Stone Soup version 0.32-a0-799-g95e1662365 (webtiles) character file.

Game seed: 2121084537058121904

22 zenocrate the Digger (level 2, -2/17 HPs)
             Began as an Octopode Earth Elementalist on Mar 21, 2024.
             Slain by an adder (3 damage)
             ... on level 2 of the Dungeon.
             The game lasted 00:00:51 (408 turns).

zenocrate the Digger (Octopode Earth Elementalist)   Turns: 408, Time: 00:00:52

Health: -2/17      AC:  1    Str:  7    XL:     2   Next: 91%
Magic:  5/5        EV: 12    Int: 17    God:
Gold:   19         SH:  0    Dex: 12    Spells: 4/5 levels left

rFire   + . .        a - +0 dagger
rCold   + . .        (no shield)
rNeg    . . .        (helmet restricted)
rPois   +            (no amulet)
rElec   +            (no ring)
rCorr   +            (no ring)
SInv    .            (no ring)
Will    .....        (no ring)
Stlth   +++          (no ring)
HPRegen 0.22/turn    (no ring)
MPRegen 0.09/turn    (no ring)
                     (no ring)

%: no passive effects
@: resistant
A: almost no armour, amphibious, 8 rings, camouflage 1, gelatinous body 1,
(nimble swimmer 1), tentacles
a: no special abilities


You were on level 2 of the Dungeon.
You visited 1 branch of the dungeon, and saw 2 of its levels.

You collected 19 gold pieces.

Inventory:

Hand Weapons
 a - a +0 dagger (weapon)
Scrolls
 f - a scroll of immolation
Potions
 d - a potion of brilliance {unknown}
 e - a potion of magic
 g - a potion of haste {unknown}


   Skills:
 - Level 2.0 Dodging
 - Level 2.6 Stealth
 * Level 2.4 Unarmed Combat
 - Level 2.0 Spellcasting
 - Level 1.0 Conjurations
 - Level 3.0 Earth Magic


You had 4 spell levels left.
You knew the following spells:

 Your Spells              Type           Power      Damage    Failure   Level
a - Sandblast             Erth           22%        2d7       5%          1

Your spell library contained the following spells:

 Spells                   Type           Power      Damage    Failure   Level
 Passwall                 Erth           11%        N/A       17%         3
 Summon Small Mammal      Summ           4%         N/A       19%         1
 Stone Arrow              Conj/Erth      16%        3d8       26%         3
 Call Canine Familiar     Summ           1%         N/A       50%         3
 Brom's Barrelling Bould  Conj/Erth      8%         2d3       63%         4
 Petrify                  Alch/Erth      6%         N/A       71%         4
 Summon Blazeheart Golem  Fire/Summ      1%         N/A       88%         4


Dungeon Overview and Level Annotations

Branches:
Dungeon (1/15)

Altars:


Innate Abilities, Weirdness & Mutations

You cannot wear most types of armour.
You are amphibious.
You can wear up to eight rings at the same time.
Your skin changes colour to match your surroundings (Stealth+).
Your rubbery body absorbs attacks. (AC +1, EV +1)
((You are camouflaged when in or above water. (Stealth+)))
You have tentacles for arms and can constrict up to eight enemies at once.


Message History

The ribbon worm expels a string of sticky webbing.
The stream of webbing hits you but does no damage.
You are caught in a web!
There is a web here.
You struggle to detach yourself from the web.
The ball python closely misses you.
The web tears apart.
The ball python bites you. The ball python barely misses you.
Unknown command.
The hobgoblin attacks as it pursues you!
The hobgoblin closely misses you.
Found a hand axe, a robe and a short sword.
The kobold throws a stone.
The stone hits you.
The ball python attacks as it pursues you!
The ball python closely misses you.
A rat comes into view.
The adder hisses angrily.
The ball python bites you but does no damage.
The ball python grabs you. The ball python constricts you.
The ball python's grasp on you weakens, but your attempt to escape fails.
The ball python bites you. The ball python constricts you.
The adder barely misses you.
You escape the ball python's grasp.
The adder attacks as it pursues you! The adder bites you but does no damage.
The adder closely misses you. The adder misses you.
As you read the scroll labelled JESHU LAZYG, it crumbles to dust.
It is a scroll of identify.
f - a scroll of immolation The adder misses you.
The gnoll hits you with a +0 club!
Ouch! That really hurt!
* * * LOW HITPOINT WARNING * * *
The adder attacks as it pursues you! The adder misses you.
It was a potion of resistance.
You feel protected. The gnoll hits you with a +0 club.
* * * LOW HITPOINT WARNING * * *
The adder bites you.
You die...

....$..#..#...###......
..........w.gw.g#......
.....#..#.....#.....#..
.....#w.#.....#K.......
....###.##...##w.....).
#[ #...#.........
##.##Sg..[....
#?#Sg).....##
###@..#...## #...######
#...# ..### ###


You could see a ribbon worm, 2 gnolls, an adder, a hobgoblin, a ball python and
a kobold.

Vanquished Creatures
  A ball python (D:2)
  2 bats (D:1)
  3 endoplasms (D:1)
  A giant cockroach (D:1)
  2 goblins (D:1)
  A hobgoblin (D:1)
  4 jackals (D:1)
  A quokka (D:1)
  A frilled lizard (D:2)
  A rat (D:1)
17 creatures vanquished.

Notes
Turn   | Place    | Note
-------+----------+-------------------------------------------
     0 | D:1      | zenocrate the Octopode Earth Elementalist began the quest
                  | for the Orb.
     0 | D:1      | Reached XP level 1. HP: 11/11 MP: 3/3
   103 | D:1      | Reached skill level 1 in Unarmed Combat
   162 | D:1      | Reached XP level 2. HP: 8/17 MP: 3/5
   376 | D:1      | You fall into a shaft and drop 1 floor!
   408 | D:2      | Slain by an adder

Illustrated notes

Levels and vault maps discovered:
D:1:      dpeg_arrival_snail, layout_basic, minmay_misc_feat_secret_circle
D:2:      layout_rooms, grunt_ministairs_5, minmay_unequal

Skill      XL: |  1  2 |
---------------+-------+-----
Unarmed Combat | 1 2 |  2.4
Dodging        | |  2.0
Stealth        | |  2.6
Spellcasting   | |  2.0
Conjurations   | |  1.0
Earth Magic    | |  3.0

Action                     || total
---------------------------++-------
  Melee: Unarmed           ||     7
         Tentacles         ||     6
         Constrict         ||     5
         Dagger            ||    15
   Cast: Sandblast         ||     9
    Use: Scroll            ||     1
         Potion            ||     1
   Stab: Sleeping          ||     1
 Armour: Skin              ||    21
  Dodge: Dodged            ||    24

Table legend: (Time is in decaauts)
 A = Elapsed time spent in this place.
 B = Non-inter-level travel time spent in this place.
 C = Inter-level travel time spent in this place.
 D = Time resting spent in this place.
 E = Time spent auto-exploring this place.
 F = Levels seen in this place.
 G = Mean time per level.
                   A        B        C        D        E       F      G
               +--------+--------+--------+--------+--------+-----+--------+
         Total |    411 |    411 |      0 |      0 |    301 |   2 |  205.5 |
       Dungeon |    411 |    411 |      0 |      0 |    301 |   2 |  205.5 |
               +--------+--------+--------+--------+--------+-----+--------+

Top non-repeatable levels by time:
     D:1: 380 daAuts
     D:2: 31 daAuts
